 Dungeon Crawl Stone Soup version 0.21.1-1-g345015f (webtiles) character file.

71 Monsterracer the Stinger (level 4, -1/27 HPs)
             Began as an Octopode Venom Mage on Feb 12, 2018.
             Slain by a crimson imp (4 damage)
             ... on level 3 of the Dungeon.
             The game lasted 00:03:00 (2275 turns).

Monsterracer the Stinger (Octopode Venom Mage)      Turns: 2275, Time: 00:03:01

Health: -1/27      AC:  1    Str:  7    XL:     4   Next: 24%
Magic:  3/7        EV: 13    Int: 18    God:
Gold:   109        SH:  0    Dex: 12    Spells: 2/8 levels left

rFire    . . .     SeeInvis .   i - +0 quarterstaff
rCold    . . .     Gourm    +   (shield currently unavailable)
rNeg     . . .     Faith    .   (helmet restricted)
rPois    .         Spirit   .   d - amulet of the gourmand
rElec    .         Reflect  .   (no ring)
rCorr    .         Harm     .   (no ring)
MR       .....                  (no ring)
Stlth    +++.......             (no ring)
HPRegen  0.09/turn              (no ring)
MPRegen  0.10/turn              (no ring)
                                (no ring)
                                (no ring)

@: no status effects
A: almost no armour, stealthy swim, amphibious, 8 rings, constrict 8, camouflage
1, gelatinous body 1
a: no special abilities


You were on level 3 of the Dungeon.
You were not hungry.

You visited 1 branch of the dungeon, and saw 3 of its levels.

You collected 109 gold pieces.

Inventory:

Hand Weapons
 i - a +0 quarterstaff (weapon)
Jewellery
 d - an amulet of the gourmand (around mantle)
Wands
 n - a wand of paralysis (16)
Scrolls
 e - 3 scrolls of remove curse {unknown}
 g - a scroll of enchant weapon {unknown}
 k - a scroll of teleportation {unknown}
 l - 2 scrolls of identify {unknown}
 p - a scroll of magic mapping {unknown}
Potions
 b - a potion of brilliance {unknown}
 f - a potion of magic {unknown}
 h - a potion of degeneration {unknown}
 j - a potion of curing {unknown}
 m - a potion of haste {unknown}
 o - 2 potions of lignification {unknown}
Books
 a - a Young Poisoner's Handbook

   Spells                             Type                      Level
   a - Sting                          Conjuration/Poison           1
   b - Poisonous Vapours              Poison/Air                   2
   c - Mephitic Cloud                 Conjuration/Poison/Air       3
   d - Olgreb's Toxic Radiance        Poison                       4
   e - Venom Bolt                     Conjuration/Poison           5
Comestibles
 c - 4 rations


   Skills:
 - Level 2.0 Dodging
 - Level 2.6 Stealth
 + Level 2.5 Spellcasting
 + Level 2.0 Conjurations
 + Level 0.9 Air Magic
 * Level 4.8 Poison Magic


You had 2 spell levels left.
You knew the following spells:

 Your Spells              Type           Power        Failure   Level  Hunger
a - Sting                 Conj/Pois      ##..         4%          1    #......
b - Poisonous Vapours     Pois/Air       ##....       8%          2    ##.....
c - Mephitic Cloud        Conj/Pois/Air  ##......     17%         3    ###....


Dungeon Overview and Level Annotations

Branches:
Dungeon (3/15)

Altars:
Ashenzari
Okawaru


Innate Abilities, Weirdness & Mutations

You cannot wear most types of armour.
You are very stealthy in the water. (Stealth+)
You are amphibious.
You can wear up to eight rings at the same time.
You can use your tentacles to constrict eight enemies at once.
Your skin changes colour to match your surroundings (Stealth+).
Your rubbery body absorbs attacks. (AC +1, EV +1)


Message History

Press: ? - help, Shift-Dir - straight line, f - orc priest
Aim: an orc priest, wielding a whip The ball explodes into a vile cloud!
The stinking cloud engulfs the orc priest.
You hear a shout! x3; You hear a bark! x2
The frilled lizard completely misses you.
The orc priest is engulfed in noxious fumes.
The orc priest appears confused.
You now have 2/7 mp.
You miss the frilled lizard. Your grab misses the frilled lizard.
The frilled lizard closely misses you.
The orc priest is engulfed in noxious fumes.
The orc priest appears confused.
The frilled lizard bites you but does no damage.
You barely miss the frilled lizard. Your grab misses the frilled lizard.
Your squeeze misses the frilled lizard. The frilled lizard bites you.
The orc priest is engulfed in noxious fumes.
The orc priest appears confused.
An orc comes into view. It is wielding a mace of protection.
You miss the frilled lizard. You grab the frilled lizard.
You kill the frilled lizard!
The crimson imp blinks!
The orc priest is engulfed in noxious fumes.
You barely miss the orc priest. Your grab misses the orc priest.
You squeeze the orc priest.
The orc priest is severely wounded.
The orc priest barely misses you.
You hit the orc priest. Your grab misses the orc priest.
The orc priest is severely wounded.
The orc closely misses you.
You barely miss the orc. You grab the orc.
You constrict the orc, but do no damage.
The orc barely misses you.
The crimson imp blinks!
You hit the orc.
The orc is lightly wounded.
You constrict the orc. The orc misses you.
The orc hits you with a mace of protection.
An orc comes into view. It is wielding a hand axe.
You take 2 damage, and have 18/27 hp.
You hit the orc.
You kill the orc!
A ball python comes into view.
The orc priest asks, "Where am I?"
You see here a frilled lizard corpse.
Casting: Mephitic Cloud
Confirm with . or Enter, or press ? or * to list all spells.
Aiming: Sting
Press: ? - help, Shift-Dir - straight line, f/p - orc priest
Aim: an orc priest, wielding a whip (severely wounded, confused)
The sting hits the orc priest.
The orc priest is almost dead.
The ball python hisses angrily.
You now have 2/7 mp.
You hit the orc but do no damage. Your grab misses the orc.
The orc closely misses you.
You closely miss the orc. You grab the orc. You squeeze the orc.
The orc is almost dead.
You constrict the orc, but do no damage.
The orc hits you with a hand axe.
You take 3 damage, and have 16/27 hp.
You closely miss the ball python. You grab the ball python.
You constrict the orc, but do no damage.
You constrict the ball python. The ball python closely misses you.
The ball python grabs you. The ball python constricts you.
The orc barely misses you.
The crimson imp hits you but does no damage.
The ball python barely misses you. The ball python constricts you.
The orc hits you but does no damage.
You take 1 damage, and have 15/27 hp.
You hit the orc but do no damage.
The orc is almost dead.
You constrict the orc, but do no damage.
You constrict the ball python. The ball python bites you.
* * * LOW HITPOINT WARNING * * *
The ball python constricts you. The crimson imp closely misses you.
The orc closely misses you. The ball python bites you.
* * * LOW HITPOINT WARNING * * *
* * * LOW HITPOINT WARNING * * *
The ball python constricts you.
You take 4 damage, and have 11/27 hp.
You closely miss the crimson imp. Your grab misses the crimson imp.
You squeeze the crimson imp.
The crimson imp is moderately wounded.
You constrict the orc, but do no damage.
You constrict the ball python.
You kill the ball python!
The crimson imp hits you.
* * * LOW HITPOINT WARNING * * *
The orc hits you with a hand axe.
* * * LOW HITPOINT WARNING * * *
The crimson imp hits you.
* * * LOW HITPOINT WARNING * * *
You take 7 damage, and have 4/27 hp.
MASSIVE DAMAGE!!
You hit the crimson imp. Your grab misses the crimson imp.
The crimson imp is moderately wounded.
You constrict the orc, but do no damage.
The orc hits you with a hand axe.
* * * LOW HITPOINT WARNING * * *
The crimson imp hits you.
You die...

##### #.###.#######............
#...# #.##$.......#..........(.
#...# #.##........#..(.......##
#)..# #.##.......?#..........#
#...####'##........#..#...#[###
#...##...(....o........####.#
##...##................. ..#
.(.............5........ ####
.........†.....†@###....
.........†.....†o.......
...............).#####'#
.......#########.)# .......#
.).... #######.. ###.###.. ...
.# ... .o #.#' ..#


You could see an orc priest (confused), a crimson imp and 2 orcs.

Vanquished Creatures
  2 adders (D:3)
  2 oozes
  5 orcs (D:3)
  A ball python (D:3)
  3 bats
  2 giant cockroaches
  7 goblins
  2 hobgoblins (D:2)
  3 kobolds
  A quokka (D:2)
  5 frilled lizards
  4 rats
37 creatures vanquished.

Notes
Turn   | Place    | Note
-------+----------+-------------------------------------------
     0 | D:1      | Monsterracer the Octopode Venom Mage began the quest for the Orb.
     0 | D:1      | Reached XP level 1. HP: 11/11 MP: 3/3
   467 | D:1      | Reached XP level 2. HP: 17/17 MP: 0/5
   471 | D:1      | Learned a level 2 spell: Poisonous Vapours
   671 | D:1      | Reached skill level 4 in Poison Magic
   825 | D:2      | Found an iron altar of Okawaru.
  1283 | D:2      | Reached XP level 3. HP: 21/21 MP: 1/6
  1288 | D:2      | Learned a level 3 spell: Mephitic Cloud
  1653 | D:2      | Found a shattered altar of Ashenzari.
  1970 | D:3      | Reached XP level 4. HP: 27/27 MP: 7/7
  2273 | D:3      | HP: 13/27 [ball python (1)]
  2274 | D:3      | HP: 6/27 [orc/hand axe (2)]
  2275 | D:3      | Slain by a crimson imp

Skill      XL: |  1  2  3  4 |
---------------+-------------+-----
Poison Magic   | 4 |  4.8
Conjurations   | 2 |  2.0
Dodging        | |  2.0
Stealth        | |  2.6
Spellcasting   | |  2.5
Air Magic      | |  0.9

Action                   |  1- 3 |  4- 6 || total
-------------------------+-------+-------++-------
Melee: Unarmed           |    18 |       ||    18
       Constrict         |     9 |     8 ||    17
       Tentacles         |     5 |     7 ||    12
       Quarterstaff      |    15 |    32 ||    47
 Cast: Sting             |    52 |     3 ||    55
       Poisonous Vapours |     5 |     3 ||     8
       Mephitic Cloud    |       |     1 ||     1
 Stab: Sleeping          |     1 |       ||     1
  Eat: Chunk             |     4 |     2 ||     6
Armor: Skin              |     5 |     3 ||     8
Dodge: Dodged            |    35 |    28 ||    63

Vault maps used:
D:1:      saegor_arrival_simple_c
D:2:      marbit_many_paths, old_standard_altar
D:3:      tgw_sif, first_ration
